[ AOE2 MATCH · #482751238 ]
Team RMBerbers vs Huns
[ REPLAY ANALYSIS · EXTRACTED FROM THE RECORDED GAME ]
Feudal
14:36
Castle
28:09
Imperial
—
| APM avg | 10.5 |
| APM peak | 26 |
| eAPM avg | 7.8 |
| Villagers / military | 74 / 5 |
Focus
⚔️ 16.5% · 🌾 83.5%
Trade Cart ×20 · Scout Cavalry ×5
Feudal
13:32
Castle
23:17
Imperial
39:47
| APM avg | 24.0 |
| APM peak | 63 |
| eAPM avg | 8.8 |
| Villagers / military | 54 / 45 |
Focus
⚔️ 23.2% · 🌾 76.8%
Scorpion ×16 · Spearman ×9 · Skirmisher ×8 · Knight ×8 · Trade Cart ×5 · Centurion ×4
Feudal
12:05
Castle
22:37
Imperial
40:04
| APM avg | 12.5 |
| APM peak | 35 |
| eAPM avg | 9.6 |
| Villagers / military | 80 / 70 |
Focus
⚔️ 32.0% · 🌾 68.0%
Spearman ×27 · Cavalry Archer ×25 · Trade Cart ×17 · Tarkan ×11 · Skirmisher ×7
Feudal
10:41
Castle
23:21
Imperial
39:07
| APM avg | 19.4 |
| APM peak | 43 |
| eAPM avg | 14.0 |
| Villagers / military | 126 / 42 |
Focus
⚔️ 21.8% · 🌾 78.2%
Spearman ×14 · Archer ×13 · Mangonel ×5 · Rattan Archer ×5 · Petard ×3 · Monk ×2
Feudal
13:34
Castle
19:24
Imperial
39:30
| APM avg | 12.2 |
| APM peak | 39 |
| eAPM avg | 7.4 |
| Villagers / military | 158 / 31 |
Focus
⚔️ 13.7% · 🌾 86.3%
Knight ×21 · Throwing Axeman ×10 · Trade Cart ×3
Feudal
12:18
Castle
18:04
Imperial
32:16
| APM avg | 23.4 |
| APM peak | 48 |
| eAPM avg | 15.4 |
| Villagers / military | 154 / 74 |
Focus
⚔️ 25.4% · 🌾 74.6%
Spearman ×36 · Ballista Elephant ×32 · Trebuchet (Packed) ×4 · Monk ×2
Feudal
12:07
Castle
18:07
Imperial
32:04
| APM avg | 14.0 |
| APM peak | 37 |
| eAPM avg | 9.2 |
| Villagers / military | 106 / 65 |
Focus
⚔️ 16.8% · 🌾 83.2%
Tarkan ×47 · Trade Cart ×21 · Knight ×17 · Monk ×1
Feudal
12:07
Castle
17:05
Imperial
31:33
| APM avg | 20.7 |
| APM peak | 58 |
| eAPM avg | 14.7 |
| Villagers / military | 134 / 69 |
Focus
⚔️ 28.2% · 🌾 71.8%
Knight ×37 · Cavalry Archer ×25 · Trebuchet (Packed) ×4 · Monk ×3
Match map
Initial resources + every placement click. Lines = walls · curves = elevation contours. ◆ gold · ⬟ stone · ● berries · ✦ relic · ◌ wall gap
Your base· ✓ Closed at 28:09 · 45t walls · 2 gate(s)
Lor Zor's base· ✓ Closed at 23:17 · 0t walls · 3 gate(s)
r.powalacz's base· ✓ Closed at 22:37 · 0t walls · 3 gate(s)
_yeetmeoffacliff_'s base· ✓ Closed at 23:21 · 22t walls · 2 gate(s)
dapzicloud's base· ✓ Closed at 19:24 · 0t walls · 3 gate(s)
ZQuancroft's base· ✓ Closed at 18:04 · 0t walls · 2 gate(s)
Killerkang's base· ✓ Closed at 18:07 · 0t walls · 2 gate(s)
将军楼上请's base· ✓ Closed at 17:05 · 0t walls · 3 gate(s)
Smoothed initial terrain · ◌ = detected wall gap · hover for details
Inputs per minute
— Lukrat - - Lor Zor
Build order — Lukrat
First 150 of 203 actions detected
| 0:07 | Create | Villager (Male) |
| 0:07 | Create | Villager (Male) |
| 0:08 | Create | Villager (Male) |
| 0:08 | Create | Villager (Male) |
| 0:09 | Research | Loom |
| 0:14 | Build | House |
| 0:18 | Build | House |
| 0:22 | Build | House |
| 0:44 | Build | House |
| 2:26 | Create | Villager (Male) |
| 4:16 | Create | Villager (Male) |
| 4:16 | Create | Villager (Male) |
| 4:16 | Create | Villager (Male) |
| 4:16 | Create | Villager (Male) |
| 4:17 | Create | Villager (Male) |
| 4:17 | Create | Villager (Male) |
| 4:17 | Create | Villager (Male) |
| 7:44 | Create | Villager (Male) |
| 7:45 | Create | Villager (Male) |
| 7:45 | Create | Villager (Male) |
| 7:45 | Create | Villager (Male) |
| 7:45 | Create | Villager (Male) |
| 8:46 | Create | Villager (Male) |
| 9:23 | Build | Mill |
| 10:13 | Build | Lumber Camp |
| 10:46 | Create | Villager (Male) |
| 10:46 | Create | Villager (Male) |
| 10:47 | Create | Villager (Male) |
| 10:56 | Create | Villager (Male) |
| 10:58 | Research | Feudal Age |
| 11:38 | Build | Mining Camp |
| 11:48 | Build | Mining Camp |
| 12:07 | Build | House |
| 12:52 | Build | Barracks |
| 13:04 | Build | House |
| 14:12 | Build | House |
| 14:20 | Build | House |
| 14:36 | Age | Feudal Age |
| 14:37 | Research | Wheelbarrow |
| 14:41 | Research | Double-Bit Axe |
| 14:44 | Research | Gold Mining |
| 14:45 | Research | Stone Mining |
| 14:54 | Build | Blacksmith |
| 15:03 | Create | Villager (Male) |
| 15:03 | Create | Villager (Male) |
| 15:03 | Create | Villager (Male) |
| 15:03 | Create | Villager (Male) |
| 15:22 | Create | Villager (Male) |
| 15:38 | Build | Archery Range |
| 15:55 | Research | Town Watch |
| 16:37 | Build | Lumber Camp |
| 17:17 | Build | Market |
| 17:50 | Build | Mill |
| 18:01 | Create | Villager (Male) |
| 18:02 | Create | Villager (Male) |
| 18:02 | Create | Villager (Male) |
| 18:02 | Create | Villager (Male) |
| 18:22 | Build | Market |
| 19:23 | Build | Stable |
| 19:49 | Create | Villager (Male) |
| 19:49 | Create | Villager (Male) |
| 19:50 | Create | Villager (Male) |
| 19:51 | Create | Villager (Male) |
| 20:02 | Build | House |
| 20:10 | Build | House |
| 20:15 | Build | House |
| 20:18 | Build | House |
| 22:05 | Build | Stone Wall |
| 22:35 | Create | Villager (Male) |
| 22:35 | Create | Villager (Male) |
| 22:35 | Create | Villager (Male) |
| 22:35 | Create | Villager (Male) |
| 22:36 | Create | Villager (Male) |
| 22:47 | Research | Horse Collar |
| 23:06 | Build | Farm |
| 23:31 | Build | Farm |
| 23:59 | Build | Farm |
| 24:05 | Build | Farm |
| 24:06 | Build | Farm |
| 24:06 | Build | Farm |
| 24:07 | Build | Farm |
| 24:16 | Build | Farm |
| 24:21 | Build | Farm |
| 24:25 | Build | Farm |
| 24:29 | Build | Farm |
| 24:33 | Build | Farm |
| 24:37 | Build | Farm |
| 24:43 | Build | Farm |
| 24:47 | Build | Farm |
| 25:29 | Research | Castle Age |
| 25:50 | Build | Gate |
| 26:15 | Build | Stone Wall |
| 27:04 | Research | Bloodlines |
| 27:05 | Create | Scout Cavalry |
| 27:05 | Create | Scout Cavalry |
| 27:06 | Create | Scout Cavalry |
| 27:06 | Create | Scout Cavalry |
| 27:11 | Create | Scout Cavalry |
| 28:09 | Age | Castle Age |
| 28:15 | Research | Caravan |
| 28:16 | Create | Trade Cart |
| 28:17 | Create | Trade Cart |
| 28:17 | Create | Trade Cart |
| 28:18 | Create | Trade Cart |
| 28:18 | Create | Trade Cart |
| 28:23 | Create | Trade Cart |
| 28:23 | Create | Trade Cart |
| 28:23 | Create | Trade Cart |
| 28:24 | Create | Trade Cart |
| 28:24 | Create | Trade Cart |
| 28:40 | Build | Town Center |
| 29:09 | Research | Hand Cart |
| 29:13 | Research | Bow Saw |
| 29:54 | Build | Castle |
| 30:02 | Build | Stone Wall |
| 30:08 | Create | Villager (Male) |
| 30:08 | Create | Villager (Male) |
| 30:09 | Create | Villager (Male) |
| 30:09 | Create | Villager (Male) |
| 30:09 | Create | Villager (Male) |
| 30:32 | Research | Fletching |
| 30:43 | Create | Villager (Male) |
| 30:44 | Create | Villager (Male) |
| 30:44 | Create | Villager (Male) |
| 32:07 | Create | Villager (Male) |
| 32:07 | Create | Villager (Male) |
| 32:08 | Create | Villager (Male) |
| 32:09 | Create | Villager (Male) |
| 32:09 | Create | Villager (Male) |
| 32:14 | Create | Villager (Male) |
| 32:14 | Create | Villager (Male) |
| 32:15 | Create | Villager (Male) |
| 32:15 | Create | Villager (Male) |
| 32:16 | Create | Villager (Male) |
| 32:46 | Create | Villager (Male) |
| 32:54 | Create | Trade Cart |
| 32:54 | Create | Trade Cart |
| 32:55 | Create | Trade Cart |
| 32:55 | Create | Trade Cart |
| 32:56 | Create | Trade Cart |
| 32:58 | Create | Trade Cart |
| 32:58 | Create | Trade Cart |
| 32:59 | Create | Trade Cart |
| 33:00 | Create | Trade Cart |
| 33:00 | Create | Trade Cart |
| 33:27 | Build | House |
| 33:30 | Create | Villager (Male) |
| 33:36 | Build | Farm |
| 33:46 | Build | House |
| 33:59 | Build | University |
Build order — Lor Zor
First 150 of 174 actions detected
| 0:25 | Build | House |
| 0:55 | Create | Villager (Male) |
| 0:55 | Create | Villager (Male) |
| 0:55 | Create | Villager (Male) |
| 0:55 | Create | Villager (Male) |
| 0:56 | Create | Villager (Male) |
| 1:05 | Build | House |
| 1:52 | Build | House |
| 1:53 | Build | House |
| 1:59 | Create | Villager (Male) |
| 1:59 | Create | Villager (Male) |
| 2:40 | Create | Villager (Male) |
| 2:41 | Create | Villager (Male) |
| 4:18 | Create | Villager (Male) |
| 4:18 | Create | Villager (Male) |
| 4:18 | Create | Villager (Male) |
| 4:19 | Create | Villager (Male) |
| 5:09 | Create | Villager (Male) |
| 5:09 | Create | Villager (Male) |
| 6:33 | Build | Mill |
| 7:06 | Create | Villager (Male) |
| 7:06 | Create | Villager (Male) |
| 7:06 | Create | Villager (Male) |
| 8:32 | Create | Villager (Male) |
| 8:32 | Create | Villager (Male) |
| 8:33 | Create | Villager (Male) |
| 8:33 | Create | Villager (Male) |
| 8:33 | Create | Villager (Male) |
| 8:34 | Create | Villager (Male) |
| 9:32 | Build | Lumber Camp |
| 10:12 | Build | House |
| 10:14 | Build | House |
| 10:16 | Build | House |
| 10:20 | Build | House |
| 10:23 | Build | House |
| 11:22 | Research | Feudal Age |
| 12:47 | Build | Farm |
| 12:49 | Build | Farm |
| 12:57 | Build | Farm |
| 13:03 | Build | Farm |
| 13:04 | Build | Farm |
| 13:05 | Build | Farm |
| 13:08 | Build | Farm |
| 13:32 | Age | Feudal Age |
| 13:35 | Build | Market |
| 13:41 | Research | Double-Bit Axe |
| 13:48 | Build | Farm |
| 13:53 | Build | Farm |
| 13:56 | Research | Horse Collar |
| 14:09 | Create | Villager (Male) |
| 14:09 | Create | Villager (Male) |
| 14:09 | Create | Villager (Male) |
| 14:09 | Create | Villager (Male) |
| 14:10 | Create | Villager (Male) |
| 14:11 | Create | Villager (Male) |
| 14:54 | Build | Mining Camp |
| 15:00 | Build | Farm |
| 15:04 | Build | Farm |
| 16:32 | Build | Farm |
| 16:35 | Build | Farm |
| 16:41 | Create | Villager (Male) |
| 16:41 | Create | Villager (Male) |
| 16:41 | Create | Villager (Male) |
| 16:42 | Create | Villager (Male) |
| 16:42 | Create | Villager (Male) |
| 16:45 | Create | Villager (Male) |
| 16:45 | Create | Villager (Male) |
| 16:52 | Create | Trade Cart |
| 16:52 | Create | Trade Cart |
| 16:52 | Create | Trade Cart |
| 17:12 | Create | Villager (Male) |
| 17:12 | Create | Villager (Male) |
| 17:12 | Create | Villager (Male) |
| 17:12 | Create | Villager (Male) |
| 17:43 | Build | Blacksmith |
| 18:18 | Build | Mining Camp |
| 18:47 | Build | Barracks |
| 20:32 | Research | Castle Age |
| 20:33 | Create | Villager (Male) |
| 20:33 | Create | Villager (Male) |
| 20:33 | Create | Villager (Male) |
| 20:33 | Create | Villager (Male) |
| 20:33 | Create | Villager (Male) |
| 20:51 | Build | Archery Range |
| 21:08 | Build | House |
| 21:10 | Build | House |
| 21:11 | Build | House |
| 21:12 | Build | House |
| 21:13 | Build | House |
| 22:02 | Research | Gold Mining |
| 22:18 | Create | Skirmisher |
| 22:18 | Create | Skirmisher |
| 22:18 | Create | Skirmisher |
| 22:19 | Create | Skirmisher |
| 22:19 | Create | Skirmisher |
| 22:19 | Create | Skirmisher |
| 22:20 | Create | Skirmisher |
| 22:20 | Create | Skirmisher |
| 22:34 | Create | Villager (Male) |
| 22:34 | Create | Villager (Male) |
| 22:34 | Create | Villager (Male) |
| 23:17 | Age | Castle Age |
| 23:19 | Build | Siege Workshop |
| 23:24 | Create | Villager (Male) |
| 23:25 | Create | Villager (Male) |
| 23:35 | Build | House |
| 23:36 | Build | House |
| 23:37 | Build | House |
| 23:38 | Build | House |
| 23:40 | Build | House |
| 23:48 | Create | Trade Cart |
| 23:48 | Create | Trade Cart |
| 24:03 | Research | Bow Saw |
| 24:48 | Build | Town Center |
| 24:55 | Create | Scorpion |
| 24:55 | Create | Scorpion |
| 25:09 | Create | Villager (Male) |
| 25:09 | Create | Villager (Male) |
| 25:10 | Create | Villager (Male) |
| 25:17 | Build | Farm |
| 26:34 | Create | Scorpion |
| 26:35 | Create | Scorpion |
| 26:35 | Create | Scorpion |
| 26:35 | Create | Scorpion |
| 26:35 | Create | Scorpion |
| 26:39 | Create | Scorpion |
| 26:39 | Create | Scorpion |
| 28:20 | Build | Town Center |
| 31:11 | Build | Stable |
| 31:50 | Research | Elite Skirmisher (upgrade) |
| 33:30 | Build | University |
| 33:37 | Create | Scorpion |
| 33:37 | Create | Scorpion |
| 33:37 | Create | Scorpion |
| 33:37 | Create | Scorpion |
| 33:38 | Create | Scorpion |
| 33:38 | Create | Scorpion |
| 33:38 | Create | Scorpion |
| 34:34 | Create | Knight |
| 34:35 | Create | Knight |
| 34:35 | Create | Knight |
| 34:35 | Create | Knight |
| 34:35 | Create | Knight |
| 34:39 | Create | Knight |
| 34:39 | Create | Knight |
| 34:39 | Create | Knight |
| 35:03 | Build | Monastery |
| 35:32 | Build | Castle |
| 35:44 | Research | Heavy Plow |
| 35:49 | Build | House |
Build order — r.powalacz
First 150 of 251 actions detected
| 0:09 | Create | Villager (Male) |
| 0:10 | Create | Villager (Male) |
| 0:10 | Create | Villager (Male) |
| 0:10 | Create | Villager (Male) |
| 2:13 | Create | Villager (Male) |
| 2:40 | Build | Mill |
| 3:00 | Create | Villager (Male) |
| 3:01 | Create | Villager (Male) |
| 3:04 | Create | Villager (Male) |
| 4:40 | Create | Villager (Male) |
| 4:40 | Create | Villager (Male) |
| 4:41 | Create | Villager (Male) |
| 4:42 | Create | Villager (Male) |
| 4:42 | Create | Villager (Male) |
| 4:43 | Create | Villager (Male) |
| 7:12 | Build | Mill |
| 7:17 | Create | Villager (Male) |
| 7:17 | Create | Villager (Male) |
| 7:17 | Create | Villager (Male) |
| 8:30 | Build | Lumber Camp |
| 8:37 | Create | Villager (Male) |
| 9:11 | Build | Farm |
| 9:17 | Build | Farm |
| 9:47 | Build | Farm |
| 9:52 | Build | Farm |
| 9:55 | Research | Feudal Age |
| 11:48 | Create | Villager (Male) |
| 11:48 | Create | Villager (Male) |
| 11:50 | Create | Villager (Male) |
| 11:50 | Create | Villager (Male) |
| 11:51 | Create | Villager (Male) |
| 12:05 | Age | Feudal Age |
| 12:11 | Research | Double-Bit Axe |
| 12:50 | Build | Barracks |
| 13:33 | Build | Farm |
| 13:39 | Build | Farm |
| 13:43 | Build | Farm |
| 13:57 | Build | Farm |
| 14:01 | Build | Farm |
| 14:04 | Build | Farm |
| 14:17 | Research | Horse Collar |
| 14:37 | Create | Villager (Male) |
| 14:37 | Create | Villager (Male) |
| 14:37 | Create | Villager (Male) |
| 14:38 | Create | Villager (Male) |
| 15:14 | Build | Mining Camp |
| 15:23 | Create | Villager (Male) |
| 15:23 | Create | Villager (Male) |
| 15:24 | Research | Wheelbarrow |
| 15:40 | Build | Mining Camp |
| 16:01 | Build | Archery Range |
| 16:11 | Research | Gold Mining |
| 16:12 | Research | Stone Mining |
| 16:49 | Build | Blacksmith |
| 17:21 | Build | Market |
| 17:36 | Create | Villager (Male) |
| 17:36 | Create | Villager (Male) |
| 17:53 | Build | Mill |
| 18:59 | Build | Farm |
| 19:19 | Build | Farm |
| 19:57 | Research | Castle Age |
| 20:46 | Create | Spearman |
| 20:46 | Create | Spearman |
| 20:47 | Create | Spearman |
| 20:47 | Create | Spearman |
| 20:48 | Create | Spearman |
| 20:53 | Create | Skirmisher |
| 20:53 | Create | Skirmisher |
| 20:53 | Create | Skirmisher |
| 20:54 | Create | Skirmisher |
| 20:54 | Create | Skirmisher |
| 22:02 | Create | Villager (Male) |
| 22:02 | Create | Villager (Male) |
| 22:03 | Create | Villager (Male) |
| 22:19 | Create | Trade Cart |
| 22:20 | Create | Trade Cart |
| 22:22 | Create | Trade Cart |
| 22:25 | Create | Trade Cart |
| 22:37 | Age | Castle Age |
| 22:45 | Research | Hand Cart |
| 23:06 | Research | Gold Shaft Mining |
| 23:25 | Build | Town Center |
| 23:36 | Build | Farm |
| 23:40 | Build | Farm |
| 23:44 | Build | Farm |
| 23:46 | Research | Heavy Plow |
| 23:51 | Research | Bow Saw |
| 24:17 | Create | Villager (Male) |
| 24:17 | Create | Villager (Male) |
| 24:18 | Create | Villager (Male) |
| 24:46 | Research | Caravan |
| 24:50 | Create | Trade Cart |
| 24:53 | Create | Trade Cart |
| 24:55 | Create | Trade Cart |
| 25:25 | Research | Pikeman (upgrade) |
| 25:29 | Research | Squires |
| 25:59 | Build | Farm |
| 26:02 | Create | Villager (Male) |
| 26:02 | Create | Villager (Male) |
| 26:04 | Create | Villager (Male) |
| 26:08 | Create | Villager (Male) |
| 26:08 | Create | Villager (Male) |
| 26:20 | Create | Spearman |
| 26:20 | Create | Spearman |
| 26:25 | Research | Elite Skirmisher (upgrade) |
| 26:26 | Create | Skirmisher |
| 26:26 | Create | Skirmisher |
| 26:36 | Build | Farm |
| 27:02 | Create | Villager (Male) |
| 27:02 | Create | Villager (Male) |
| 27:14 | Build | Farm |
| 27:19 | Create | Villager (Male) |
| 27:20 | Create | Villager (Male) |
| 27:25 | Build | Farm |
| 27:46 | Build | Stone Wall |
| 28:08 | Build | Stone Wall |
| 28:17 | Build | Farm |
| 28:22 | Build | Farm |
| 28:27 | Create | Villager (Male) |
| 28:27 | Create | Villager (Male) |
| 28:28 | Create | Villager (Male) |
| 28:33 | Create | Villager (Male) |
| 28:34 | Create | Villager (Male) |
| 28:34 | Create | Villager (Male) |
| 28:40 | Create | Villager (Male) |
| 28:40 | Create | Villager (Male) |
| 28:40 | Create | Villager (Male) |
| 29:19 | Build | Farm |
| 29:46 | Create | Cavalry Archer |
| 29:46 | Create | Cavalry Archer |
| 29:46 | Create | Cavalry Archer |
| 29:47 | Create | Cavalry Archer |
| 29:48 | Create | Cavalry Archer |
| 29:58 | Build | Farm |
| 30:19 | Build | Farm |
| 30:27 | Build | Gate |
| 30:32 | Build | Stone Wall |
| 30:36 | Create | Villager (Male) |
| 30:36 | Create | Villager (Male) |
| 30:36 | Create | Villager (Male) |
| 32:36 | Create | Cavalry Archer |
| 32:36 | Create | Cavalry Archer |
| 32:36 | Create | Cavalry Archer |
| 32:37 | Create | Cavalry Archer |
| 32:38 | Create | Cavalry Archer |
| 32:39 | Create | Cavalry Archer |
| 32:39 | Create | Cavalry Archer |
| 32:39 | Create | Cavalry Archer |
| 32:39 | Create | Cavalry Archer |
| 32:40 | Create | Cavalry Archer |
Build order — _yeetmeoffacliff_
First 150 of 334 actions detected
| 0:03 | Create | Villager (Male) |
| 0:04 | Create | Villager (Male) |
| 0:04 | Create | Villager (Male) |
| 0:04 | Create | Villager (Male) |
| 0:04 | Create | Villager (Male) |
| 0:04 | Create | Villager (Male) |
| 0:06 | Build | House |
| 0:07 | Build | House |
| 1:44 | Create | Villager (Male) |
| 2:17 | Create | Villager (Male) |
| 2:28 | Create | Villager (Male) |
| 3:10 | Create | Villager (Male) |
| 3:30 | Create | Villager (Male) |
| 4:05 | Create | Villager (Male) |
| 4:21 | Create | Villager (Male) |
| 4:22 | Research | Loom |
| 4:49 | Build | House |
| 4:58 | Create | Villager (Male) |
| 5:43 | Create | Villager (Male) |
| 6:13 | Build | Mill |
| 6:29 | Create | Villager (Male) |
| 6:29 | Create | Villager (Male) |
| 7:02 | Create | Villager (Male) |
| 7:14 | Build | Lumber Camp |
| 7:42 | Create | Villager (Male) |
| 7:58 | Build | House |
| 8:13 | Research | Feudal Age |
| 10:41 | Age | Feudal Age |
| 11:01 | Create | Villager (Male) |
| 11:01 | Create | Villager (Male) |
| 11:13 | Build | Mining Camp |
| 11:33 | Build | Mining Camp |
| 11:57 | Create | Villager (Male) |
| 11:57 | Create | Villager (Male) |
| 11:58 | Create | Villager (Male) |
| 12:00 | Research | Wheelbarrow |
| 12:02 | Research | Double-Bit Axe |
| 12:15 | Build | Stone Wall |
| 12:17 | Build | Watch Tower |
| 12:21 | Build | Stone Wall |
| 12:27 | Build | Stone Wall |
| 12:29 | Build | Stone Wall |
| 12:31 | Build | Stone Wall |
| 12:32 | Build | Stone Wall |
| 12:46 | Create | Villager (Male) |
| 12:54 | Build | House |
| 13:01 | Build | Market |
| 13:02 | Build | Blacksmith |
| 13:42 | Build | Stone Wall |
| 13:44 | Build | Watch Tower |
| 13:46 | Build | Stone Wall |
| 13:47 | Build | Stone Wall |
| 13:49 | Build | Stone Wall |
| 13:50 | Build | Stone Wall |
| 14:04 | Create | Villager (Male) |
| 14:31 | Create | Villager (Male) |
| 14:36 | Create | Villager (Male) |
| 14:48 | Build | House |
| 15:02 | Build | Stone Wall |
| 15:04 | Build | Stone Wall |
| 15:07 | Build | Stone Wall |
| 15:09 | Build | Stone Wall |
| 15:11 | Build | Stone Wall |
| 15:12 | Build | Stone Wall |
| 15:13 | Build | Stone Wall |
| 15:30 | Create | Villager (Male) |
| 15:48 | Research | Horse Collar |
| 15:57 | Create | Villager (Male) |
| 16:13 | Build | Farm |
| 16:19 | Build | Farm |
| 16:21 | Build | Farm |
| 16:23 | Build | Farm |
| 16:26 | Create | Villager (Male) |
| 16:40 | Build | Watch Tower |
| 16:47 | Research | Gold Mining |
| 16:48 | Research | Stone Mining |
| 16:52 | Create | Villager (Male) |
| 16:57 | Build | House |
| 16:59 | Build | House |
| 17:11 | Create | Villager (Male) |
| 17:16 | Research | Fletching |
| 17:36 | Create | Villager (Male) |
| 18:00 | Build | Farm |
| 18:11 | Build | Farm |
| 18:30 | Create | Villager (Male) |
| 18:30 | Create | Villager (Male) |
| 18:48 | Build | Farm |
| 18:51 | Build | Farm |
| 18:53 | Create | Villager (Male) |
| 19:04 | Build | Farm |
| 19:08 | Create | Villager (Male) |
| 19:51 | Build | Watch Tower |
| 19:54 | Create | Villager (Male) |
| 20:41 | Research | Castle Age |
| 21:01 | Build | Farm |
| 21:10 | Research | Forging |
| 21:28 | Research | Padded Archer Armor |
| 22:18 | Build | Farm |
| 22:21 | Build | Farm |
| 22:25 | Build | Farm |
| 22:32 | Build | Farm |
| 22:35 | Build | Farm |
| 22:38 | Research | Scale Mail Armor |
| 22:47 | Build | Barracks |
| 23:21 | Age | Castle Age |
| 23:29 | Create | Villager (Male) |
| 23:29 | Create | Villager (Male) |
| 23:39 | Build | House |
| 23:41 | Build | House |
| 23:42 | Build | House |
| 23:43 | Build | House |
| 24:07 | Build | Castle |
| 24:15 | Create | Villager (Male) |
| 24:29 | Build | Town Center |
| 24:34 | Create | Villager (Male) |
| 24:34 | Create | Villager (Male) |
| 24:36 | Research | Bow Saw |
| 24:39 | Research | Heavy Plow |
| 24:45 | Research | Bodkin Arrow |
| 24:47 | Research | Leather Archer Armor |
| 24:54 | Build | Archery Range |
| 25:02 | Create | Villager (Male) |
| 25:38 | Create | Villager (Male) |
| 25:59 | Build | Mining Camp |
| 26:03 | Build | Monastery |
| 26:15 | Create | Villager (Male) |
| 26:23 | Research | Hand Cart |
| 26:24 | Create | Villager (Male) |
| 26:24 | Create | Villager (Male) |
| 26:44 | Research | Scale Barding Armor |
| 26:59 | Create | Monk |
| 27:00 | Create | Monk |
| 27:12 | Build | Siege Workshop |
| 27:19 | Create | Archer |
| 27:19 | Create | Archer |
| 27:21 | Create | Villager (Male) |
| 27:21 | Create | Villager (Male) |
| 27:24 | Create | Villager (Male) |
| 27:24 | Create | Villager (Male) |
| 27:41 | Build | Town Center |
| 27:49 | Create | Villager (Male) |
| 28:00 | Create | Villager (Male) |
| 28:01 | Create | Villager (Male) |
| 28:01 | Create | Villager (Male) |
| 28:27 | Create | Spearman |
| 28:27 | Create | Spearman |
| 28:54 | Create | Villager (Male) |
| 28:54 | Create | Villager (Male) |
| 28:57 | Create | Villager (Male) |
| 28:57 | Create | Villager (Male) |
Build order — dapzicloud
First 150 of 227 actions detected
| 0:04 | Create | Villager (Male) ×4 |
| 0:04 | Create | Villager (Male) ×4 |
| 0:12 | Build | House |
| 0:14 | Build | House |
| 0:16 | Build | House |
| 0:17 | Build | House |
| 2:31 | Create | Villager (Male) |
| 2:31 | Create | Villager (Male) |
| 3:23 | Create | Villager (Male) |
| 3:23 | Create | Villager (Male) |
| 4:10 | Create | Villager (Male) |
| 4:11 | Create | Villager (Male) |
| 4:19 | Create | Villager (Male) |
| 4:19 | Create | Villager (Male) |
| 5:14 | Create | Villager (Male) |
| 5:15 | Create | Villager (Male) |
| 5:15 | Create | Villager (Male) |
| 5:50 | Build | Mill |
| 6:03 | Create | Villager (Male) |
| 6:03 | Create | Villager (Male) |
| 6:36 | Create | Villager (Male) |
| 6:36 | Create | Villager (Male) |
| 6:55 | Create | Villager (Male) |
| 7:02 | Create | Villager (Male) |
| 7:41 | Create | Villager (Male) |
| 7:41 | Create | Villager (Male) |
| 7:42 | Create | Villager (Male) |
| 8:01 | Create | Villager (Male) |
| 8:01 | Create | Villager (Male) |
| 8:23 | Create | Villager (Male) |
| 8:54 | Create | Villager (Male) ×3 |
| 8:54 | Create | Villager (Male) ×3 |
| 9:51 | Create | Villager (Male) |
| 10:19 | Build | Lumber Camp |
| 10:36 | Build | Mining Camp |
| 11:24 | Research | Feudal Age |
| 12:00 | Build | House |
| 12:02 | Build | House |
| 12:02 | Build | House |
| 12:05 | Build | House |
| 13:34 | Age | Feudal Age |
| 13:37 | Research | Double-Bit Axe |
| 13:41 | Research | Wheelbarrow |
| 14:01 | Build | Blacksmith |
| 14:11 | Build | Market |
| 14:43 | Build | Farm |
| 15:44 | Build | Mining Camp |
| 15:47 | Build | Farm |
| 16:23 | Build | Farm |
| 16:44 | Research | Castle Age |
| 16:54 | Build | Farm |
| 17:02 | Research | Stone Mining |
| 19:24 | Age | Castle Age |
| 19:27 | Research | Bow Saw |
| 19:37 | Build | Town Center |
| 19:55 | Create | Villager (Male) ×2 |
| 19:55 | Create | Villager (Male) ×2 |
| 20:10 | Build | Town Center |
| 20:21 | Build | University |
| 20:26 | Build | Monastery |
| 20:55 | Build | Farm |
| 21:38 | Research | Loom |
| 21:47 | Create | Villager (Male) ×3 |
| 21:48 | Create | Villager (Male) ×3 |
| 22:00 | Create | Villager (Male) |
| 22:01 | Create | Villager (Male) |
| 22:20 | Build | Castle |
| 22:41 | Build | Barracks |
| 22:52 | Create | Villager (Male) ×2 |
| 23:03 | Build | Farm |
| 23:08 | Create | Villager (Male) |
| 23:45 | Build | Stable |
| 23:47 | Build | Stable |
| 23:55 | Build | Stable |
| 24:07 | Build | Farm |
| 24:11 | Create | Villager (Male) |
| 24:14 | Create | Villager (Male) |
| 24:35 | Create | Villager (Male) |
| 24:42 | Build | Farm |
| 24:44 | Create | Villager (Male) |
| 24:45 | Create | Villager (Male) |
| 24:49 | Build | Farm |
| 25:05 | Build | Farm |
| 25:11 | Create | Villager (Male) ×2 |
| 25:56 | Build | Farm |
| 25:59 | Build | Farm |
| 26:02 | Build | Farm |
| 26:05 | Build | Farm |
| 26:07 | Create | Villager (Male) ×3 |
| 26:17 | Create | Villager (Male) |
| 26:21 | Create | Villager (Male) |
| 26:22 | Create | Villager (Male) |
| 26:22 | Create | Villager (Male) |
| 26:42 | Build | Farm |
| 26:55 | Build | Farm |
| 26:58 | Build | Farm |
| 27:00 | Create | Villager (Male) ×4 |
| 27:06 | Build | Farm |
| 27:16 | Build | Mining Camp |
| 27:24 | Build | Farm |
| 27:42 | Create | Knight ×2 |
| 27:42 | Create | Knight ×2 |
| 27:53 | Build | Farm |
| 28:15 | Create | Knight |
| 28:16 | Create | Knight |
| 28:21 | Build | Farm |
| 28:26 | Create | Villager (Male) |
| 28:26 | Create | Villager (Male) |
| 28:27 | Create | Villager (Male) |
| 28:31 | Create | Villager (Male) |
| 28:31 | Create | Villager (Male) |
| 28:31 | Create | Villager (Male) |
| 28:35 | Create | Villager (Male) |
| 28:41 | Build | Farm |
| 29:06 | Build | Farm |
| 29:08 | Build | Farm |
| 29:14 | Create | Villager (Male) |
| 29:18 | Create | Villager (Male) |
| 29:21 | Build | Farm |
| 29:24 | Build | Farm |
| 29:27 | Create | Villager (Male) |
| 29:27 | Create | Villager (Male) |
| 29:28 | Create | Villager (Male) |
| 29:33 | Build | Farm |
| 29:47 | Build | Farm |
| 30:05 | Build | Farm |
| 30:10 | Create | Villager (Male) |
| 30:14 | Build | Farm |
| 30:17 | Create | Villager (Male) |
| 30:18 | Create | Villager (Male) |
| 30:25 | Create | Villager (Male) ×5 |
| 30:31 | Research | Gold Mining |
| 30:37 | Build | Farm |
| 30:48 | Build | Farm |
| 30:51 | Create | Villager (Male) |
| 30:52 | Create | Villager (Male) |
| 30:56 | Build | Farm |
| 30:58 | Create | Villager (Male) |
| 30:59 | Create | Villager (Male) |
| 31:04 | Create | Villager (Male) |
| 31:05 | Create | Villager (Male) ×5 |
| 31:05 | Create | Villager (Male) ×5 |
| 31:05 | Create | Villager (Male) ×3 |
| 31:27 | Build | Farm |
| 31:32 | Create | Villager (Male) |
| 31:35 | Build | Farm |
| 31:43 | Build | Farm |
| 31:50 | Create | Villager (Male) |
| 31:50 | Create | Villager (Male) |
| 31:54 | Build | Farm |
Build order — ZQuancroft
First 150 of 401 actions detected
| 0:07 | Create | Villager (Male) |
| 0:09 | Research | Loom |
| 0:09 | Create | Villager (Male) |
| 0:10 | Create | Villager (Male) |
| 0:10 | Create | Villager (Male) |
| 0:10 | Create | Villager (Male) |
| 0:19 | Build | House |
| 0:20 | Build | House |
| 1:06 | Build | House |
| 1:07 | Build | House |
| 1:10 | Build | House |
| 2:06 | Create | Villager (Male) |
| 2:06 | Create | Villager (Male) |
| 2:06 | Create | Villager (Male) |
| 2:29 | Build | House |
| 2:51 | Create | Villager (Male) |
| 2:51 | Create | Villager (Male) |
| 2:51 | Create | Villager (Male) |
| 3:05 | Create | Villager (Male) |
| 3:06 | Create | Villager (Male) |
| 3:06 | Create | Villager (Male) |
| 3:40 | Create | Villager (Male) |
| 3:40 | Create | Villager (Male) |
| 4:00 | Build | Mill |
| 4:04 | Create | Villager (Male) |
| 4:04 | Create | Villager (Male) |
| 4:20 | Create | Villager (Male) |
| 4:20 | Create | Villager (Male) |
| 4:21 | Create | Villager (Male) |
| 5:02 | Create | Villager (Male) |
| 5:03 | Create | Villager (Male) |
| 5:03 | Create | Villager (Male) |
| 5:18 | Create | Villager (Male) |
| 5:19 | Create | Villager (Male) |
| 5:20 | Create | Villager (Male) |
| 5:20 | Create | Villager (Male) |
| 5:51 | Create | Villager (Male) |
| 5:52 | Create | Villager (Male) |
| 5:52 | Create | Villager (Male) |
| 6:21 | Create | Villager (Male) |
| 6:21 | Create | Villager (Male) |
| 6:22 | Create | Villager (Male) |
| 6:22 | Create | Villager (Male) |
| 6:22 | Create | Villager (Male) |
| 6:42 | Create | Villager (Male) |
| 6:42 | Create | Villager (Male) |
| 6:43 | Create | Villager (Male) |
| 7:16 | Create | Villager (Male) |
| 7:16 | Create | Villager (Male) |
| 7:16 | Create | Villager (Male) |
| 8:26 | Create | Villager (Male) |
| 8:26 | Create | Villager (Male) |
| 8:26 | Create | Villager (Male) |
| 8:26 | Create | Villager (Male) |
| 8:27 | Create | Villager (Male) |
| 8:27 | Create | Villager (Male) |
| 8:40 | Build | Lumber Camp |
| 9:05 | Create | Villager (Male) |
| 9:19 | Build | Mining Camp |
| 10:08 | Research | Feudal Age |
| 12:18 | Age | Feudal Age |
| 12:20 | Research | Horse Collar |
| 12:22 | Research | Wheelbarrow |
| 12:24 | Create | Villager (Male) |
| 12:25 | Create | Villager (Male) |
| 12:25 | Create | Villager (Male) |
| 12:25 | Create | Villager (Male) |
| 12:43 | Build | Farm |
| 12:45 | Build | Farm |
| 12:47 | Build | Farm |
| 12:48 | Build | Farm |
| 12:50 | Build | Farm |
| 12:55 | Build | Farm |
| 13:18 | Build | Farm |
| 13:19 | Build | Farm |
| 13:20 | Build | Farm |
| 13:22 | Build | Farm |
| 14:10 | Build | Mining Camp |
| 15:24 | Research | Castle Age |
| 15:30 | Research | Double-Bit Axe |
| 15:50 | Research | Stone Mining |
| 16:31 | Research | Gold Mining |
| 17:12 | Create | Villager (Male) |
| 17:12 | Create | Villager (Male) |
| 17:13 | Create | Villager (Male) |
| 17:13 | Create | Villager (Male) |
| 17:55 | Build | Barracks |
| 18:02 | Build | House |
| 18:04 | Age | Castle Age |
| 18:13 | Research | Bow Saw |
| 18:41 | Build | Monastery |
| 18:49 | Build | Town Center |
| 18:59 | Create | Villager (Male) |
| 19:00 | Create | Villager (Male) |
| 19:18 | Create | Monk |
| 19:38 | Build | House |
| 19:40 | Build | House |
| 19:42 | Create | Spearman |
| 19:42 | Create | Spearman |
| 19:59 | Build | Town Center |
| 20:04 | Research | Heavy Plow |
| 20:51 | Build | Castle |
| 21:01 | Create | Villager (Male) |
| 21:01 | Create | Villager (Male) |
| 21:02 | Research | Hand Cart |
| 21:04 | Research | Town Watch |
| 21:14 | Create | Villager (Male) |
| 21:15 | Create | Villager (Male) |
| 22:05 | Create | Villager (Male) |
| 22:05 | Create | Villager (Male) |
| 22:06 | Create | Villager (Male) |
| 22:15 | Build | Farm |
| 22:17 | Build | Farm |
| 22:18 | Build | Farm |
| 22:20 | Build | Farm |
| 22:22 | Build | Farm |
| 22:36 | Build | Farm |
| 22:38 | Build | Farm |
| 22:39 | Build | Farm |
| 22:46 | Create | Villager (Male) |
| 23:00 | Create | Villager (Male) |
| 23:00 | Create | Villager (Male) |
| 23:30 | Build | Town Center |
| 23:37 | Create | Villager (Male) |
| 23:37 | Create | Villager (Male) |
| 23:37 | Create | Villager (Male) |
| 23:44 | Build | Farm |
| 23:46 | Build | Farm |
| 23:48 | Build | Farm |
| 23:49 | Build | Farm |
| 24:00 | Create | Villager (Male) |
| 24:00 | Create | Villager (Male) |
| 24:00 | Create | Villager (Male) |
| 24:05 | Research | Stone Shaft Mining |
| 24:08 | Build | Farm |
| 24:23 | Build | Town Center |
| 24:33 | Create | Villager (Male) |
| 24:34 | Create | Villager (Male) |
| 24:34 | Create | Villager (Male) |
| 24:36 | Create | Villager (Male) |
| 24:39 | Build | Farm |
| 24:43 | Build | Farm |
| 24:54 | Build | Farm |
| 25:06 | Build | Farm |
| 25:15 | Build | Farm |
| 25:28 | Build | Farm |
| 25:34 | Create | Villager (Male) |
| 25:35 | Create | Villager (Male) |
| 25:35 | Create | Villager (Male) |
| 25:39 | Create | Villager (Male) |
Build order — Killerkang
First 150 of 244 actions detected
| 0:09 | Create | Villager (Male) |
| 0:09 | Create | Villager (Male) |
| 0:09 | Create | Villager (Male) |
| 0:09 | Create | Villager (Male) |
| 0:10 | Create | Villager (Male) |
| 1:33 | Create | Villager (Male) |
| 1:34 | Create | Villager (Male) |
| 1:58 | Create | Villager (Male) |
| 2:17 | Create | Villager (Male) |
| 3:01 | Create | Villager (Male) |
| 3:23 | Create | Villager (Male) |
| 3:56 | Create | Villager (Male) |
| 4:41 | Create | Villager (Male) |
| 4:42 | Create | Villager (Male) |
| 4:52 | Build | Lumber Camp |
| 5:00 | Create | Villager (Male) |
| 5:01 | Create | Villager (Male) |
| 5:17 | Create | Villager (Male) |
| 6:09 | Create | Villager (Male) |
| 6:09 | Create | Villager (Male) |
| 6:10 | Create | Villager (Male) |
| 6:40 | Create | Villager (Male) |
| 6:52 | Build | Mill |
| 7:06 | Create | Villager (Male) |
| 7:07 | Create | Villager (Male) |
| 7:49 | Build | Farm |
| 8:33 | Build | Farm |
| 8:40 | Build | Mining Camp |
| 8:47 | Build | Mining Camp |
| 9:11 | Build | Farm |
| 9:12 | Build | Farm |
| 9:57 | Research | Feudal Age |
| 10:47 | Build | Barracks |
| 11:31 | Build | Farm |
| 11:36 | Build | Farm |
| 11:40 | Build | Farm |
| 12:07 | Age | Feudal Age |
| 12:18 | Build | Blacksmith |
| 12:44 | Build | Market |
| 12:47 | Research | Wheelbarrow |
| 14:22 | Build | Farm |
| 14:43 | Build | Stable |
| 15:27 | Research | Castle Age |
| 15:59 | Research | Double-Bit Axe |
| 16:09 | Build | Farm |
| 16:16 | Build | Farm |
| 16:26 | Build | Farm |
| 16:29 | Build | Farm |
| 16:50 | Research | Horse Collar |
| 17:43 | Create | Villager (Male) |
| 17:47 | Create | Villager (Male) |
| 17:58 | Create | Villager (Male) |
| 18:07 | Age | Castle Age |
| 18:15 | Build | Town Center |
| 18:24 | Create | Villager (Male) |
| 19:30 | Research | Stone Mining |
| 19:33 | Create | Villager (Male) |
| 19:41 | Create | Villager (Male) |
| 19:49 | Create | Villager (Male) |
| 19:49 | Create | Villager (Male) |
| 19:50 | Create | Villager (Male) |
| 20:17 | Research | Bow Saw |
| 20:21 | Create | Villager (Male) |
| 20:21 | Create | Villager (Male) |
| 20:22 | Create | Villager (Male) |
| 20:25 | Create | Villager (Male) |
| 20:41 | Create | Knight |
| 20:51 | Create | Knight |
| 20:53 | Create | Knight |
| 21:09 | Create | Villager (Male) |
| 21:28 | Build | Town Center |
| 21:35 | Create | Villager (Male) |
| 21:40 | Create | Villager (Male) |
| 21:45 | Build | Farm |
| 21:49 | Build | Farm |
| 22:11 | Research | Gold Mining |
| 22:17 | Create | Villager (Male) |
| 22:21 | Create | Villager (Male) |
| 22:35 | Build | Farm |
| 22:45 | Research | Heavy Plow |
| 23:05 | Create | Villager (Male) |
| 23:11 | Create | Villager (Male) |
| 23:18 | Create | Villager (Male) |
| 23:27 | Build | Farm |
| 23:30 | Build | Farm |
| 23:34 | Build | Farm |
| 23:38 | Build | Farm |
| 23:40 | Create | Villager (Male) |
| 23:43 | Create | Villager (Male) |
| 24:32 | Create | Villager (Male) |
| 24:32 | Create | Villager (Male) |
| 24:33 | Create | Villager (Male) |
| 24:35 | Create | Villager (Male) |
| 24:35 | Create | Villager (Male) |
| 24:36 | Create | Villager (Male) |
| 24:40 | Create | Villager (Male) |
| 24:43 | Create | Villager (Male) |
| 24:49 | Build | Mining Camp |
| 25:01 | Research | Husbandry |
| 25:28 | Build | Farm |
| 25:28 | Build | Farm |
| 25:28 | Build | Farm |
| 25:29 | Build | Farm |
| 25:30 | Build | Farm |
| 25:31 | Build | Farm |
| 25:45 | Create | Villager (Male) |
| 26:54 | Create | Trade Cart |
| 26:55 | Create | Trade Cart |
| 27:21 | Create | Villager (Male) |
| 27:29 | Build | University |
| 27:34 | Build | Monastery |
| 27:39 | Create | Villager (Male) |
| 27:40 | Create | Villager (Male) |
| 27:40 | Create | Villager (Male) |
| 27:43 | Create | Villager (Male) |
| 27:43 | Create | Villager (Male) |
| 27:43 | Create | Villager (Male) |
| 28:13 | Research | Scale Barding Armor |
| 28:14 | Research | Forging |
| 28:46 | Research | Imperial Age |
| 29:04 | Build | Mill |
| 29:06 | Build | Farm |
| 29:07 | Build | Farm |
| 29:07 | Build | Farm |
| 29:07 | Build | Farm |
| 29:07 | Build | Farm |
| 29:08 | Build | Farm |
| 29:08 | Build | Farm |
| 29:09 | Build | Farm |
| 29:30 | Research | Caravan |
| 29:32 | Create | Trade Cart |
| 29:33 | Create | Trade Cart |
| 29:33 | Create | Trade Cart |
| 29:58 | Create | Knight |
| 29:59 | Research | Bloodlines |
| 30:01 | Create | Knight |
| 30:01 | Create | Knight |
| 30:02 | Create | Knight |
| 30:02 | Create | Knight |
| 30:23 | Research | Hand Cart |
| 30:25 | Create | Villager (Male) |
| 30:26 | Create | Villager (Male) |
| 30:26 | Create | Villager (Male) |
| 30:27 | Create | Villager (Male) |
| 30:34 | Create | Villager (Male) |
| 30:35 | Create | Villager (Male) |
| 31:51 | Create | Monk |
| 32:04 | Age | Imperial Age |
| 32:17 | Create | Villager (Male) |
| 32:18 | Create | Villager (Male) |
Build order — 将军楼上请
First 150 of 328 actions detected
| 0:09 | Create | Villager (Male) |
| 0:10 | Research | Loom |
| 0:11 | Create | Villager (Male) |
| 0:11 | Create | Villager (Male) |
| 0:11 | Create | Villager (Male) |
| 0:12 | Create | Villager (Male) |
| 2:05 | Create | Villager (Male) |
| 2:05 | Create | Villager (Male) |
| 2:05 | Create | Villager (Male) |
| 2:26 | Create | Villager (Male) |
| 2:26 | Create | Villager (Male) |
| 2:27 | Create | Villager (Male) |
| 2:46 | Create | Villager (Male) |
| 2:46 | Create | Villager (Male) |
| 3:30 | Create | Villager (Male) |
| 3:30 | Create | Villager (Male) |
| 3:30 | Create | Villager (Male) |
| 3:31 | Create | Villager (Male) |
| 4:10 | Create | Villager (Male) |
| 4:10 | Create | Villager (Male) |
| 4:10 | Create | Villager (Male) |
| 4:11 | Create | Villager (Male) |
| 5:00 | Create | Villager (Male) |
| 5:00 | Create | Villager (Male) |
| 5:00 | Create | Villager (Male) |
| 5:18 | Build | Mill |
| 5:28 | Build | Mill |
| 5:34 | Create | Villager (Male) |
| 5:35 | Create | Villager (Male) |
| 5:35 | Create | Villager (Male) |
| 5:35 | Create | Villager (Male) |
| 5:52 | Build | Lumber Camp |
| 6:34 | Create | Villager (Male) |
| 6:34 | Create | Villager (Male) |
| 6:34 | Create | Villager (Male) |
| 6:34 | Create | Villager (Male) |
| 6:46 | Create | Villager (Male) |
| 6:46 | Create | Villager (Male) |
| 7:14 | Create | Villager (Male) |
| 7:14 | Create | Villager (Male) |
| 7:14 | Create | Villager (Male) |
| 8:05 | Create | Villager (Male) |
| 8:05 | Create | Villager (Male) |
| 8:06 | Create | Villager (Male) |
| 8:42 | Create | Villager (Male) |
| 8:43 | Create | Villager (Male) |
| 8:43 | Create | Villager (Male) |
| 9:11 | Create | Villager (Male) |
| 9:11 | Create | Villager (Male) |
| 9:11 | Create | Villager (Male) |
| 9:12 | Create | Villager (Male) |
| 9:57 | Research | Feudal Age |
| 10:24 | Build | Mill |
| 10:37 | Build | Mining Camp |
| 11:04 | Build | Mill |
| 12:07 | Age | Feudal Age |
| 12:10 | Create | Villager (Male) |
| 12:11 | Create | Villager (Male) |
| 12:11 | Create | Villager (Male) |
| 12:11 | Create | Villager (Male) |
| 12:45 | Build | Market |
| 13:07 | Build | Blacksmith |
| 13:16 | Build | Blacksmith |
| 13:31 | Create | Villager (Male) |
| 14:25 | Research | Castle Age |
| 14:25 | Research | Castle Age |
| 14:52 | Research | Double-Bit Axe |
| 15:02 | Build | Farm |
| 15:03 | Build | Farm |
| 15:04 | Build | Farm |
| 15:05 | Build | Farm |
| 15:07 | Build | Farm |
| 15:10 | Build | Farm |
| 15:17 | Research | Horse Collar |
| 17:05 | Age | Castle Age |
| 17:08 | Build | Town Center |
| 17:09 | Create | Villager (Male) |
| 17:09 | Create | Villager (Male) |
| 17:09 | Create | Villager (Male) |
| 17:09 | Create | Villager (Male) |
| 17:10 | Create | Villager (Male) |
| 17:10 | Create | Villager (Male) |
| 17:15 | Build | Farm |
| 17:16 | Build | Farm |
| 17:42 | Build | Monastery |
| 18:04 | Build | University |
| 18:09 | Create | Villager (Male) |
| 18:45 | Create | Villager (Male) |
| 18:45 | Create | Villager (Male) |
| 18:45 | Create | Villager (Male) |
| 18:46 | Create | Villager (Male) |
| 19:07 | Build | Lumber Camp |
| 19:16 | Create | Villager (Male) |
| 19:18 | Create | Villager (Male) |
| 19:19 | Create | Villager (Male) |
| 19:32 | Build | Town Center |
| 19:51 | Build | Farm |
| 19:52 | Build | Farm |
| 19:53 | Build | Farm |
| 19:56 | Create | Villager (Male) |
| 20:04 | Create | Monk |
| 20:05 | Create | Monk |
| 20:35 | Build | Farm |
| 20:37 | Build | Farm |
| 20:39 | Create | Villager (Male) |
| 20:40 | Create | Villager (Male) |
| 20:42 | Create | Villager (Male) |
| 20:55 | Create | Villager (Male) |
| 20:58 | Create | Villager (Male) |
| 21:12 | Build | Farm |
| 21:13 | Build | Farm |
| 21:15 | Build | Farm |
| 21:38 | Build | Farm |
| 21:39 | Build | Farm |
| 21:41 | Build | Farm |
| 21:42 | Build | Farm |
| 21:47 | Build | Farm |
| 21:48 | Build | Farm |
| 22:32 | Build | Lumber Camp |
| 22:47 | Create | Villager (Male) |
| 22:47 | Create | Villager (Male) |
| 22:48 | Create | Villager (Male) |
| 22:50 | Create | Villager (Male) |
| 22:51 | Create | Villager (Male) |
| 23:01 | Build | Lumber Camp |
| 23:12 | Create | Villager (Male) |
| 23:13 | Create | Villager (Male) |
| 23:17 | Build | Farm |
| 23:18 | Build | Farm |
| 23:33 | Build | Farm |
| 23:34 | Build | Farm |
| 23:35 | Build | Farm |
| 23:37 | Create | Villager (Male) |
| 23:38 | Create | Villager (Male) |
| 23:39 | Create | Villager (Male) |
| 23:44 | Create | Monk |
| 23:55 | Research | Fervor |
| 23:58 | Create | Villager (Male) |
| 23:59 | Create | Villager (Male) |
| 23:59 | Create | Villager (Male) |
| 24:16 | Build | Farm |
| 24:21 | Create | Villager (Male) |
| 24:21 | Create | Villager (Male) |
| 24:21 | Create | Villager (Male) |
| 24:22 | Create | Villager (Male) |
| 24:22 | Create | Villager (Male) |
| 24:30 | Build | Mining Camp |
| 24:35 | Create | Villager (Male) |
| 24:35 | Create | Villager (Male) |
| 24:57 | Create | Villager (Male) |
Match timeline
| 10:41 | _yeetmeoffacliff_ · age_up feudal |
| 10:47 | Killerkang · first_building Barracks |
| 12:05 | r.powalacz · age_up feudal |
| 12:07 | Killerkang · age_up feudal |
| 12:07 | 将军楼上请 · age_up feudal |
| 12:15 | _yeetmeoffacliff_ · wall_segment Stone Wall x5 |
| 12:18 | ZQuancroft · age_up feudal |
| 12:21 | _yeetmeoffacliff_ · wall_segment Stone Wall x1 |
| 12:27 | _yeetmeoffacliff_ · wall_segment Stone Wall x1 |
| 12:29 | _yeetmeoffacliff_ · wall_segment Stone Wall x1 |
| 12:31 | _yeetmeoffacliff_ · wall_segment Stone Wall x1 |
| 12:32 | _yeetmeoffacliff_ · wall_segment Stone Wall x1 |
| 12:50 | r.powalacz · first_building Barracks |
| 12:52 | Lukrat · first_building Barracks |
| 13:32 | Lor Zor · age_up feudal |
| 13:34 | dapzicloud · age_up feudal |
| 13:42 | _yeetmeoffacliff_ · wall_segment Stone Wall x1 |
| 13:46 | _yeetmeoffacliff_ · wall_segment Stone Wall x1 |
| 13:47 | _yeetmeoffacliff_ · wall_segment Stone Wall x1 |
| 13:49 | _yeetmeoffacliff_ · wall_segment Stone Wall x1 |
| 13:50 | _yeetmeoffacliff_ · wall_segment Stone Wall x1 |
| 14:36 | Lukrat · age_up feudal |
| 14:43 | Killerkang · first_building Stable |
| 15:02 | _yeetmeoffacliff_ · wall_segment Stone Wall x1 |
| 15:04 | _yeetmeoffacliff_ · wall_segment Stone Wall x1 |
| 15:07 | _yeetmeoffacliff_ · wall_segment Stone Wall x1 |
| 15:09 | _yeetmeoffacliff_ · wall_segment Stone Wall x1 |
| 15:11 | _yeetmeoffacliff_ · wall_segment Stone Wall x1 |
| 15:12 | _yeetmeoffacliff_ · wall_segment Stone Wall x1 |
| 15:13 | _yeetmeoffacliff_ · wall_segment Stone Wall x1 |
| 15:38 | Lukrat · first_building Archery Range |
| 15:53 | _yeetmeoffacliff_ · first_market_buy 100 food |
| 16:01 | r.powalacz · first_building Archery Range |
| 17:05 | 将军楼上请 · age_up castle |
| 17:42 | 将军楼上请 · first_building Monastery |
| 17:55 | ZQuancroft · first_building Barracks |
| 18:04 | ZQuancroft · age_up castle |
| 18:07 | Killerkang · age_up castle |
| 18:39 | _yeetmeoffacliff_ · first_market_sell 100 wood |
| 18:41 | ZQuancroft · first_building Monastery |
| 18:47 | Lor Zor · first_building Barracks |
| 19:23 | Lukrat · first_building Stable |
| 19:24 | dapzicloud · age_up castle |
| 19:52 | r.powalacz · first_market_sell 100 wood |
| 20:26 | dapzicloud · first_building Monastery |
| 20:51 | Lor Zor · first_building Archery Range |
| 20:51 | ZQuancroft · first_building Castle |
| 22:05 | Lukrat · wall_segment Stone Wall x27 |
| 22:20 | dapzicloud · first_building Castle |
| 22:37 | r.powalacz · age_up castle |
| 22:41 | dapzicloud · first_building Barracks |
| 22:47 | _yeetmeoffacliff_ · first_building Barracks |
| 23:17 | Lor Zor · age_up castle |
| 23:19 | Lor Zor · first_building Siege Workshop |
| 23:21 | _yeetmeoffacliff_ · age_up castle |
| 23:45 | dapzicloud · first_building Stable |
| 24:07 | _yeetmeoffacliff_ · first_building Castle |
| 24:54 | _yeetmeoffacliff_ · first_building Archery Range |
| 24:56 | Lukrat · first_market_buy 100 food |
| 26:03 | _yeetmeoffacliff_ · first_building Monastery |
| 26:04 | ZQuancroft · first_building Stable |
| 26:15 | Lukrat · wall_segment Stone Wall x18 |
| 27:12 | _yeetmeoffacliff_ · first_building Siege Workshop |
| 27:34 | Killerkang · first_building Monastery |
| 27:46 | r.powalacz · wall_segment Stone Wall x12 |
| 28:04 | Lukrat · first_market_sell 100 stone |
| 28:08 | r.powalacz · wall_segment Stone Wall x18 |
| 28:09 | Lukrat · age_up castle |
| 29:40 | 将军楼上请 · first_building Barracks |
| 29:54 | Lukrat · first_building Castle |
| 30:02 | Lukrat · wall_segment Stone Wall x19 |
| 30:32 | r.powalacz · wall_segment Stone Wall x1 |
| 30:48 | 将军楼上请 · first_building Stable |
| 31:11 | Lor Zor · first_building Stable |
| 31:33 | 将军楼上请 · age_up imperial |
| 32:04 | Killerkang · age_up imperial |
| 32:16 | ZQuancroft · age_up imperial |
| 32:57 | ZQuancroft · wall_segment Stone Wall x4 |
| 33:52 | r.powalacz · first_building Stable |
| 34:04 | Lukrat · first_building Monastery |
| 34:24 | 将军楼上请 · first_building Castle |
| 34:27 | Killerkang · first_building Castle |
| 35:03 | Lor Zor · first_building Monastery |
| 35:11 | r.powalacz · first_building Castle |
| 35:26 | dapzicloud · first_building Siege Workshop |
| 35:28 | Lukrat · wall_segment Stone Wall x32 |
| 35:32 | Lor Zor · first_building Castle |
| 35:42 | 将军楼上请 · first_building Archery Range |
| 36:18 | ZQuancroft · wall_segment Stone Wall x4 |
| 38:17 | 将军楼上请 · first_market_sell 100 food |
| 38:25 | Lukrat · wall_segment Stone Wall x8 |
| 38:29 | Killerkang · first_market_sell 100 food |
| 39:07 | _yeetmeoffacliff_ · age_up imperial |
| 39:30 | dapzicloud · age_up imperial |
| 39:44 | Lukrat · first_building Siege Workshop |
| 39:47 | Lor Zor · age_up imperial |
| 40:04 | r.powalacz · age_up imperial |
| 41:07 | Lor Zor · resign |
[ AI ANALYSIS · 1 CREDIT ]
What really happened in this match?
Wolo.gg analyzes every decision: build order, eco, micro, common mistakes by bracket. Personalized analysis on WhatsApp or Discord in 30 seconds.
Civ guide
Berbers
Map guide
Arena
Perfil
Jugador #2028621